 Dungeon Crawl Stone Soup version 0.12-a0-108-gc5ec0f4 (console) character file.

1428134 Cruella the Heavyweight Champion (level 27, 272/272 (273) HPs)
             Began as a Troll Warper on Aug 8, 2012.
             Was the Champion of Nemelex Xobeh.
             Escaped with the Orb
             ... and 3 runes on Jan 7, 2013!
             The game lasted 23:10:30 (111231 turns).

Cruella the Heavyweight Champion (Troll Warper)   Turns: 111231, Time: 23:10:31

HP 272/272 (273) AC 12     Str 29      XL: 27
MP  34/34        EV 19     Int 14      God: Nemelex Xobeh [******]
Gold 4380        SH 32     Dex 16      Spells: 16 memorised,  1 level left

Res.Fire  : + . .   See Invis. : +     - Unarmed
Res.Cold  : + + .   Warding    : .   I - +1 robe "Hohom" {rF+ rC+ Dam+5}
Life Prot.: . . .   Conserve   : .   b - +5 shield "Clelut" {rElec SInv}
Res.Poison: .       Res.Corr.  : .   J - +2 wizard hat
Res.Elec. : +       Clarity    : .   C - +1 cloak {darkness}
Sust.Abil.: . .     Spirit.Shd : .   (gloves unavailable)
Res.Mut.  : +       Stasis     : .   (boots unavailable)
Res.Rott. : .       Ctrl.Telep.: x   q - amulet of resist mutation
Gourmand  : +       Levitation : .   n - ring of Luc Strou {Hunger- Str+1 Dex+4 Acc Ctrl.Flight: . W - ring of wizardry

@: quite resistant to hostile enchantments, very unstealthy
A: unfitting armour, claws 3, cold resistance 1, deformed body, herbivore 1,
fast metabolism 3, gourmand, -10% mp, mutation resistance 1, regeneration 2,
saprovore 2, electricity resistance, tough skin 2, AC +4, SH +2
a: Draw One, Peek at Two, Triple Draw, Deal Four, Stack Five, Renounce Religion,
Evoke Invisibility
}: 3/15 runes: decaying, serpentine, silver


You escaped.
You worshipped Nemelex Xobeh.
Nemelex Xobeh was exalted by your worship.
You were full.

You visited 9 branches of the dungeon, and saw 68 of its levels.
You visited the Abyss 3 times.
You visited 3 bazaarss.
You also visited: Labyrinth (2 times), Sewer, Bailey, Ice Cave and Wizlab.

You collected 8739 gold pieces.
You spent 4364 gold pieces at shops.

Inventory:

Hand weapons
 k - the +2,+4 sling "Ycuiqa" {flame, MR SInv}
   (You found it on level 4 of the Vaults)

   It turns projectiles fired from it into bolts of flame.
   It increases your resistance to enchantments.
   It enhances your eyesight.
Missiles
 y - 7 large rocks (quivered)
Armour
 b - the +5 shield "Clelut" (worn) {rElec SInv}
   (You acquired it on level 7 of the Dungeon)

   It insulates you from electricity.
   It enhances your eyesight.
 C - a +1 cloak of darkness (worn)
 I - the +1 robe "Hohom" (worn) {rF+ rC+ Dam+5}
   (You acquired it on level 1 of the Lair of Beasts)

   It affects your damage-dealing abilities (+5).
   It protects you from fire.
   It protects you from cold.
 J - a +2 wizard hat (worn)
Magical devices
 d - a wand of disintegration (5)
 i - a wand of teleportation (6)
 o - a wand of fire (9)
 s - a wand of hasting (5)
 v - a wand of cold (7)
 E - a wand of teleportation (8)
 F - a wand of digging (11)
 R - a wand of heal wounds (9)
Comestibles
 c - 4 bread rations
Scrolls
 p - a scroll of fog
 A - 2 scrolls of recharging
 X - a scroll of teleportation
Jewellery
 n - the ring of Luc Strou (right claw) {Hunger- Str+1 Dex+4 Acc+4}
   (You found it on level 4 of the Vaults)

   [ring of sustenance]

   It affects your strength (+1).
   It affects your dexterity (+4).
   It affects your accuracy (+4).
 q - an amulet of resist mutation (around neck)
 x - an uncursed ring of poison resistance
 W - a ring of wizardry (left claw)
 Y - an uncursed amulet of clarity
Potions
 e - 5 potions of restore abilities
 f - 6 potions of curing
 r - 2 potions of resistance
 t - 3 potions of heal wounds
 D - 3 potions of agility
 P - 7 potions of speed
 V - a potion of cure mutation
Orbs of Power
 j - the Orb of Zot
Miscellaneous
 a - a legendary deck of defence {Metamorphosis, left: 5} {!a, !p}
 g - an ornate deck of escape {the Tomb, left: 4} {god gift, !a, !p}
 h - an ornate deck of destruction {drawn: 1} {god gift, !a, !p}
 m - a legendary deck of dungeons {Vitrification, left: 3} {god gift, !a, !p}
 u - a legendary deck of summonings {the Dance, drawn: 1} {god gift, !a, !p}
 z - a legendary deck of destruction {Frost, drawn: 5} {god gift, !a, !p}
 B - a legendary deck of summonings {the Crusade, drawn: 9} {god gift, !a, !p}
 G - a legendary deck of escape {the Warp, drawn: 1} {god gift, !a, !p}
 H - a legendary deck of escape {the Warp, left: 5} {god gift, !a, !p}
 K - a legendary deck of summonings {the Crusade, drawn: 1} {god gift, !a, !p}
 M - a legendary deck of destruction {Frost, drawn: 1} {god gift, !a, !p}
 N - a legendary deck of summonings {Foxfire, drawn: 1} {god gift, !a, !p}
 O - a legendary deck of destruction {Pain, drawn: 1} {god gift, !a, !p}
 Q - a legendary deck of escape {Solitude, left: 5} {god gift, !a, !p}
 S - a legendary deck of escape {the Portal, left: 4} {god gift, !a, !p}
 T - a legendary deck of escape {Warpwright, drawn: 1} {god gift, !a, !p}
 U - a legendary deck of escape {the Tomb, left: 5} {god gift, !a, !p}
 Z - an ornate deck of summonings {drawn: 1} {god gift, !a, !p}
Rods
 w - a +3 rod of warding (13/13) {!a}
   (You found it on level 27 of the Dungeon)
 L - a +3 rod of demonology (13/13) {!a}
   (You took it off a yaktaur captain on level 4 of the Vaults)


   Skills:
 - Level 15.5 Fighting
 - Level 4.9 Long Blades
 - Level 5.0 Slings
 - Level 7.0 Throwing
 - Level 5.2 Armour
 + Level 14.3 Dodging
 - Level 9.2 Shields
 - Level 7.8 Traps & Doors
 O Level 27 Unarmed Combat
 - Level 11.0 Spellcasting
 - Level 13.2 Charms
 - Level 2.6 Summonings
 - Level 7.8 Translocations
 - Level 10.2 Transmutations
 - Level 14.3 Earth Magic
 - Level 5.2 Poison Magic
 - Level 12.0 Evocations


You had one spell level left.
You knew the following spells:

 Your Spells              Type           Power        Failure   Level  Hunger
d - Evaporate             Fire/Trmt      ####...      1%          2    None
e - Summon Butterflies    Summ           ####.....    1%          1    None
l - Flight                Chrm/Air       #####.....   1%          3    #......
m - Repel Missiles        Chrm/Air       #####.....   1%          2    None
n - Phase Shift           Tloc           #####.....   4%          5    ####...
o - Stoneskin             Trmt/Erth      ######....   1%          2    None
q - Portal Projectile     Tloc           #####..      1%          2    None
r - Regeneration          Chrm/Necr      #####.....   1%          3    #......
x - Swiftness             Chrm/Air       #####.....   1%          2    None
z - Confusing Touch       Hex            ##........   4%          1    None
A - Apportation           Tloc           #####.....   1%          1    None
B - Blink                 Tloc           N/A          1%          2    None
F - Statue Form           Trmt/Erth      ######....   4%          6    ######.
H - Haste                 Chrm           ######...    3%          6    ######.
K - Blade Hands           Trmt           ######....   1%          5    ####...
Y - Control Teleport      Chrm/Tloc      ######....   1%          4    ###....


Dungeon Overview and Level Annotations

Branches:
Dungeon (27/27)            Temple (1/1) D:5             Orc (4/4) D:6
    Elf (0/4) Orc:4          Lair (8/8) D:9           Swamp (5/5) Lair:6
  Snake (5/5) Lair:6        Slime (0/6) Lair:6       Vaults (8/8) D:16
  Blade (0/1) Vaults:5      Crypt (5/5) Vaults:4       Tomb (0/3) Crypt:3
    Zot (5/5) D:27

Altars:
Ashenzari
Cheibriados
Elyvilon
Fedhas
Kikubaaqudgha
Makhleb
Nemelex Xobeh
Okawaru
Sif Muna
Trog
Vehumet
Xom
Yredelemnul
Zin
the Shining One
Beogh

Shops:
D:7: ( D:14: [ D:16: [ D:26: % D:27: * Orc:4: +(*[ Snake:4: % Snake:5: ( Vaults:3: + Vaults:6: + Abyss: ((

Portals:
Dungeon:
Abyss
Hell: D:21 D:22 D:23 D:24 D:25 D:26 D:27
Abyss: D:21 D:24 D:25 D:27
Pandemonium: D:23 D:24 D:26
Ziggurat: D:27 (4300 gp)

Annotations
D:11 exclusion: silver statue
D:14 exclusion: tentacled monstrosity
D:20 exclusion: downstairs
D:21 Mara
D:25 exclusion: downstairs
Lair:6 exclusion: door
Swamp:4 exclusion: Roxanne, Roxanne
Swamp:5 exclusion: Aizul
Crypt:1 exclusion: curse skull
Crypt:2 exclusion: upstairs
Zot:3 1 exclusion
Zot:5 exclusion: ice statue
Abyss nht's ghost, mighty DsFE


Innate Abilities, Weirdness & Mutations

You are too large for most types of armour.
You have claws for hands.*
Your metabolism is lightning-fast.
You like to eat raw meat.
You heal very quickly.
You can eat rotten meat.
You are covered in fur (AC +1).*
You have very tough skin (AC +2).*
You are partially covered in large bone plates (AC +2, SH +2).*
You are partially covered in slimy green scales (AC +1).*
Your flesh is cold resistant.*
Armour fits poorly on your strangely shaped body.*
You digest meat inefficiently.
Your magical capacity is low (-10% MP).
You are somewhat resistant to further mutation.
You are resistant to electric shocks.*


Message History

Press: ? - help, Shift-Dir - straight line The rock liquefies and sinks out of sight.
This wand has 11 charges left.
You block the giant cockroach's attack.
You closely miss the giant cockroach. You block the giant cockroach's attack.
You block the giant cockroach's attack.
There is a stone staircase leading up here.
You block the giant cockroach's attack.
You climb upwards.
You sense a powerful magical force warping space.
There is a stone staircase leading down here.
You claw the giant cockroach!
You kill the giant cockroach!
You see here a giant cockroach corpse.
You open the door.
There is an open door here.
You open the door.
There is an open door here.
There is a staircase leading out of the dungeon here.
Are you sure you want to win?
You have escaped!

...# ##.########.###..# ...#
#................# ...#
#.#########.####.# ...#
#.#.......#.# #.# ...#
#.'.>.>.>%'.# #.# ...#
#.#.......#.# #.#
...######.#########.# #.#
.........>#.......#.# #.#
#########.'.<.<.@.'.# #.#
#.#.......#.# #.#
#########.#########.####.######
..............................#
##########.########.####......#
#.# #.# #......# #.# #.#
#......# #.# #.# ######## #.#
#.#


There were no monsters in sight!

Vanquished Creatures
  3 orbs of fire (Zot:5)
  An ancient lich (Zot:5)
  Boris (twice) (D:24 D:26)
  Saint Roka (D:19)
  4 curse toes
  Norris (Snake:4)
  6 golden dragons
  4 electric golems
  Xtahua (D:21)
  6 acid blobs
  Frederick (D:21)
  10 tentacled monstrosities
  Nikola (Swamp:2)
  16 Orb Guardians (Zot:5)
  A quicksilver dragon (Vaults:8)
  3 liches
  2 titans
  5 shadow dragons
  A storm dragon (shapeshifter) (D:26)
  12 storm dragons
  Kirke (D:19)
  2 sphinxes
  Rupert (D:18)
  Agnes (Snake:2)
  3 daevas (D:26)
  Frances (D:18)
  3 draconian monks
  2 ghouls (Crypt:4)
  8 bone dragons
  2 Executioners (Abyss)
  Louise (D:19)
  6 frost giants
  4 draconian scorchers
  An iron dragon (D:26)
  A fire giant (shapeshifter) (D:26)
  7 draconian zealots
  6 ghost moths
  3 angels (D:26)
  53 stone giants
  2 draconian annihilators
  3 draconian shifters
  9 greater nagas
  8 draconian callers
  7 fire giants
  4 grey draconians
  6 green draconians
  An emperor scorpion (shapeshifter) (D:21)
  2 mottled draconians
  3 red draconians
  2 pale draconians (Zot:5)
  13 yellow draconians
  3 black draconians
  Azrael (D:18)
  7 purple draconians
  2 reapers (Abyss)
  A deep elf sorcerer (Vaults:4)
  A titan zombie (Crypt:2)
  A blizzard demon (Abyss)
  4 white draconians
  7 ettins
  An eidolon (Abyss)
  A spriggan air mage (D:25)
  2 minotaurs (Lab)
  10 dragons
  64 yaktaur captains
  29 vault guards
  3 great orbs of eyes
  8 death cobs
  2 storm dragon skeletons
  Erica (Lair:3)
  10 ice dragons
  A ravenous feature mimic (Crypt:3)
  A dancing weapon (Crypt:5)
  17 hydras
  2 anaconda skeletons (Abyss)
  2 lorocyprocas (Abyss)
  A golden dragon skeleton (Abyss)
  7 anacondas
  Nessos (Swamp:1)
  13 ogre magi
  A sphinx zombie (Abyss)
  A wolf spider zombie (D:17)
  2 stone giant zombies
  7 alligators
  8 very ugly things
  A sphinx skeleton (Abyss)
  4 orc high priests (Orc:4)
  2 draconian zombies (Zot:4)
  17 deep trolls
  A fire giant zombie (Abyss)
  3 death yaks (IceCv)
  A deep elf high priest (Vaults:4)
  16 centaur warriors
  An iron dragon skeleton (D:24)
  A frost giant zombie (Vaults:3)
  2 vapours
  2 frost giant skeletons
  5 soul eaters
  2 fire giant skeletons
  6 iron golems
  13 stone giant skeletons
  A catoblepas (D:25)
  40 skeletal warriors
  An iron troll (shapeshifter) (Vaults:8)
  7 death drakes
  A catoblepas (shapeshifter) (Vaults:8)
  2 giant orange brains
  2 hell knights (Vaults:7)
  11 unseen horrors
  10 iron trolls
  4 deep elf knights
  2 yaktaur zombies (D:24)
  6 cherubim (D:26)
  A red draconian zombie (Abyss)
  26 naga warriors
  A black draconian zombie (Abyss)
  Erolcha (D:11)
  30 orc knights
  7 swamp dragons
  A mottled draconian zombie (Crypt:1)
  2 lindwurms
  A sea snake zombie (Abyss)
  3 giant orange brains (shapeshifter)
  15 large abominations (Abyss)
  An iron troll zombie (Crypt:1)
  2 sea snakes (Snake:5)
  A white draconian zombie (Abyss)
  4 ice statues
  9 flayed ghosts
  18 harpies
  2 hill giants (shapeshifter)
  2 giant amoebae
  A vampire mage (Crypt:4)
  A lindwurm (shapeshifter) (D:24)
  A green draconian skeleton (Abyss)
  A yellow draconian skeleton (Abyss)
  2 white draconian skeletons (Abyss)
  A wizard (D:17)
  A flaming corpse (Abyss)
  3 crystal golems
  15 hill giants
  A grey draconian skeleton (Crypt:3)
  Joseph (D:9)
  8 griffons
  A minotaur zombie (Crypt:2)
  3 necromancers
  9 orc sorcerers
  3 iron troll skeletons
  9 wolf spiders
  12 guardian serpents
  6 oklob plants (Zot:2)
  A catoblepas zombie (Abyss)
  A harpy skeleton (Crypt:1)
  A harpy zombie (Crypt:2)
  8 phantasmal warriors
  A shining eye (shapeshifter) (D:24)
  27 moths of wrath
  6 cyclopes
  A stone golem (Vaults:4)
  A tarantella zombie (Crypt:3)
  2 ice dragon zombies
  A hellion (D:14)
  A fire crab (shapeshifter) (Vaults:8)
  A guardian serpent zombie (Abyss)
  5 red wasps
  3 ettin zombies
  6 sixfirhies
  2 fire crabs
  2 dragon zombies
  2 spiny worms
  An elephant slug (Lair:8)
  12 orange demons
  A spectral guardian serpent (Crypt:1)
  2 eyes of devastation
  7 hellwings
  30 spiny frogs
  An elephant (shapeshifter) (Vaults:5)
  An ice dragon skeleton (Vaults:4)
  A tormentor (D:24)
  16 elephants
  34 black mambas
  88 slime creatures
  75 yaktaurs
  11 naga magi
  3 hill giant zombies
  An ettin skeleton (Crypt:1)
  A spiny frog (shapeshifter) (Vaults:4)
  Psyche (Orc:2)
  An efreet (Abyss)
  A feature mimic (D:15)
  A mermaid (D:27)
  A demonic crawler (Abyss)
  A guardian mummy (Zot:5)
  11 komodo dragons
  2 iron devils
  7 wandering mushrooms
  120 ugly things
  24 polar bears
  A redback simulacrum (Vaults:3)
  6 giant leeches
  9 smoke demons
  2 spriggans (shapeshifter)
  A silent spectre (Crypt:2)
  A queen bee (Snake:3)
  2 deep troll zombies
  A komodo dragon (shapeshifter) (D:23)
  19 rock trolls
  5 baby alligators
  A snapping turtle zombie (Crypt:5)
  3 rock troll zombies
  A human zombie (Crypt:5)
  2 bog bodies
  4 deep troll skeletons
  A red wasp simulacrum (Vaults:4)
  A giant firefly (shapeshifter) (Vaults:8)
  2 ravens (Swamp:2)
  A spiny frog skeleton (Crypt:1)
  24 two-headed ogres
  10 grizzly bears
  A rotting hulk (Crypt:3)
  3 tarantellas
  3 vampires
  2 jumping spiders (D:20)
  6 rock troll skeletons
  18 trolls
  A snapping turtle (shapeshifter) (D:26)
  A baby alligator skeleton (Crypt:1)
  An ettin simulacrum (Vaults:2)
  2 lindwurm zombies (Abyss)
  10 blink frogs (Lair:8)
  A snapping turtle skeleton (Abyss)
  4 basilisks
  A swamp dragon zombie (Abyss)
  A merfolk skeleton (Abyss)
  4 sharks (D:21)
  5 bumblebees
  2 fire elementals (D:18)
  5 hippogriffs
  16 fire drakes
  56 vampire mosquitoes
  A queen bee (shapeshifter) (D:14)
  10 ynoxinuls (Abyss)
  Eustachio (Orc:1)
  A wyvern (D:16)
  A deep elf conjurer (D:21)
  A chaos spawn (D:18)
  An elephant skeleton (Crypt:1)
  11 wraiths
  5 deep elf fighters
  A hog (D:19)
  A redback (shapeshifter) (D:23)
  A fire crab zombie (Crypt:3)
  63 yaks
  A hog (shapeshifter) (Vaults:5)
  A wood golem (D:13)
  A hog skeleton (Crypt:4)
  14 redbacks
  26 swamp worms
  A trapdoor spider (D:16)
  A war dog (shapeshifter) (Vaults:4)
  5 golden eyes (Abyss)
  4 steam dragons
  4 hungry ghosts
  A manticore (shapeshifter) (D:23)
  A rock worm (D:16)
  9 boulder beetles
  10 neqoxecs
  5 draconians (shapeshifter)
  A manticore (Vaults:1)
  A soldier ant (D:14)
  A swamp worm (shapeshifter) (D:21)
  2 merfolk (shapeshifter)
  12 war dogs
  4 yaktaur skeletons
  6 hell hounds
  14 freezing wraiths
  A deep elf priest (D:21)
  18 small abominations
  11 necrophages
  A cyclops skeleton (Vaults:2)
  2 cyclops zombies
  4 mottled dragons
  80 orc warriors
  A deep dwarf (shapeshifter) (D:20)
  9 gargoyles (D:18)
  5 ice beasts
  3 sky beasts
  A black bear (shapeshifter) (D:18)
  5 tengu (Swamp:1)
  A yak zombie (D:12)
  2 boulder beetle zombies
  116 nagas
  13 swamp drakes
  15 giant goldfish
  6 phantoms
  5 black bears
  A bumblebee zombie (Crypt:1)
  2 elves (shapeshifter)
  2 red devils
  4 yellow wasps
  69 ogres
  5 boring beetles
  3 deep elf magi
  2 hippogriff skeletons
  5 wargs
  34 centaurs
  A wolf (shapeshifter) (D:23)
  18 big kobolds
  A rotting devil (Snake:5)
  A bear skeleton (Crypt:3)
  3 brain worms (Abyss)
  11 giant slugs
  23 wolves
  An earth elemental (Abyss)
  11 crocodiles
  6 lava worms (Vaults:5)
  53 water moccasins
  A gnoll sergeant (D:11)
  2 silver statues
  3 agate snails
  2 soldier ant zombies (D:9)
  23 insubstantial wisps
  Blork the orc (Orc:1)
  33 giant frogs
  A basilisk skeleton (D:12)
  A water moccasin zombie (D:10)
  An elf skeleton (Crypt:2)
  2 eyes of draining
  18 jellyfish
  A water moccasin skeleton (Vaults:4)
  A killer bee (shapeshifter) (D:27)
  40 killer bees
  2 lava fish (Vaults:5)
  10 electric eels
  2 oklob saplings (D:11)
  28 wights
  3 brain worm zombies (Abyss)
  A crocodile zombie (D:14)
  3 big kobold zombies
  A deep dwarf zombie (Abyss)
  A pulsating lump (shapeshifter) (D:21)
  5 pulsating lumps
  11 crimson imps
  33 orc priests
  3 goliath beetles
  A mottled dragon zombie (Vaults:1)
  7 quasits
  A big kobold skeleton (D:11)
  13 hounds
  10 lava snakes
  8 iron imps (Abyss)
  2 shadows
  2 orange rats
  A hound skeleton (D:11)
  8 iguanas
  A scorpion (D:11)
  25 big fish
  57 orc wizards
  5 deep elf soldiers
  6 porcupines
  An orange rat zombie (Crypt:2)
  A sheep (shapeshifter) (Vaults:8)
  3 worker ant zombies
  14 worker ants
  15 sheep
  30 jellies
  8 boggarts
  A boggart (shapeshifter) (D:16)
  A mummy (D:10)
  18 flying skulls
  22 gnolls
  15 lemures (Abyss)
  A giant centipede zombie (D:14)
  32 green rats
  A halfling zombie (Crypt:1)
  3 orc zombies (Orc:4)
  59 adders
  An adder skeleton (D:6)
  2 giant centipedes
  3 giant mites
  A shadow imp (Abyss)
  14 white imps (Abyss)
  2 iguana skeletons
  A sheep skeleton (Crypt:3)
  A worm (Lair:4)
  47 ufetubi (Abyss)
  A scorpion simulacrum (Crypt:3)
  5 grey rats
  4 giant eyeballs
  9 giant geckos
  2 oozes
  322 orcs
  33 bats
  36 goblins
  19 hobgoblins
  2 humans (shapeshifter)
  8 humans
  33 jackals
  A kobold (shapeshifter) (Vaults:8)
  52 kobolds
  9 quokkas
  8 ball pythons
  3 giant cockroaches
  9 giant newts
  A giant newt zombie (Crypt:3)
  2 giant spores
  A hobgoblin skeleton (D:4)
  A jackal skeleton (Crypt:2)
  A kobold simulacrum (Vaults:4)
  A kobold skeleton (D:5)
  7 orc skeletons (Orc:4)
  A quokka zombie (D:7)
  24 rats
  A rat skeleton (D:6)
  3 ballistomycetes
  4 butterflies
  16 fungi
  12 plants
  46 toadstools
3738 creatures vanquished.

Vanquished Creatures (collateral kills)
  Boris (Vaults:6)
  Margery (Vaults:7)
  Mennas (D:22)
  A golden dragon (Zot:4)
  An electric golem (Zot:1)
  A lich (D:26)
  5 tentacled monstrosities
  2 Orb Guardians (Zot:5)
  3 acid blobs (Zot:2)
  3 shadow dragons
  Aizul (Swamp:5)
  A frost giant (IceCv)
  Wiglaf (D:24)
  An orc warlord (Orc:4)
  A stone giant (Vaults:7)
  A draconian caller (Zot:2)
  A grey draconian (Zot:5)
  A yellow draconian (Zot:2)
  2 dragons
  3 yaktaur captains
  An ogre mage (Vaults:4)
  2 great orbs of eyes
  An ice dragon (Vaults:4)
  5 hydras
  An alligator (Swamp:5)
  A sphinx skeleton (Vaults:4)
  2 very ugly things
  Nergalle (D:15)
  An iron golem (Vaults:4)
  A stone giant skeleton (Vaults:6)
  A fire giant skeleton (D:23)
  A shadow wraith (Vaults:4)
  An iron troll (Vaults:7)
  8 skeletal warriors
  2 hell knights (Vaults:7)
  A flayed ghost (D:24)
  4 swamp dragons
  A white draconian zombie (Crypt:4)
  An orc knight (Vaults:2)
  2 hill giants
  An iron troll skeleton (D:22)
  A naga warrior (Snake:5)
  A necromancer (Vaults:7)
  A phantasmal warrior (Vaults:4)
  2 oklob plants (Zot:2)
  A guardian serpent (shapeshifter) (Vaults:4)
  A griffon (Vaults:4)
  A stone golem (Vaults:4)
  A black mamba (Snake:4)
  A slime creature (shapeshifter) (Vaults:6)
  An elephant (D:22)
  6 slime creatures
  An ettin skeleton (Vaults:7)
  2 yaktaurs
  3 spiny frogs
  2 rock trolls (D:22)
  6 ugly things
  A komodo dragon (D:23)
  3 polar bears (IceCv)
  A queen bee (Lair:3)
  2 giant leeches
  A spriggan (shapeshifter) (Vaults:4)
  2 bog bodies
  A basilisk (D:20)
  A rock troll skeleton (Vaults:4)
  A baby alligator (Swamp:5)
  3 bumblebees
  A fire elemental (D:18)
  4 yaks
  An electric eel (Swamp:5)
  A lindwurm skeleton (Crypt:4)
  11 humans (D:15)
  A merfolk (shapeshifter) (D:23)
  2 fire drakes
  A manticore (D:15)
  12 vampire mosquitoes
  A hell hound (D:18)
  A mottled dragon (Zot:2)
  6 swamp worms
  A yellow wasp (Vaults:4)
  5 swamp drakes
  An ice beast (Crypt:5)
  3 orc warriors
  An ogre (D:19)
  A centaur (Vaults:2)
  A wolf (IceCv)
  2 crocodiles
  A brain worm (Vaults:3)
  2 water moccasins
  3 insubstantial wisps
  25 killer bees
  A wight (Crypt:4)
  A jellyfish (Swamp:3)
  A fire bat (Abyss)
  3 hounds
  2 orange rats (Crypt:4)
  A big fish zombie (D:14)
  12 jellies
  A sheep (Vaults:4)
  3 spectral orcs (D:15)
  A mummy (D:11)
  A giant centipede (D:18)
  2 ufetubi
  3 orcs
  A bat (Crypt:4)
  A ball python (Snake:4)
  2 fungi
242 creatures vanquished.

Vanquished Creatures (others)
  An acid blob (Zot:2)
  An eldritch tentacle (Vaults:4)
  A draconian scorcher (Zot:4)
  A human skeleton (Vaults:7)
  An anaconda zombie (Snake:4)
  A stone giant zombie (D:22)
  12 very ugly things
  A stone giant skeleton (D:23)
  An iron golem (Vaults:8)
  5 vapours
  An ice devil (Orc:4)
  A soul eater (Snake:5)
  2 skeletal warriors
  14 dancing weapons
  2 shadow demons
  2 unseen horrors (D:16)
  A deep elf knight (D:16)
  A swamp worm zombie (Swamp:5)
  3 griffons (Swamp:5)
  2 red wasps (Zot:1)
  A moth of wrath (Zot:1)
  2 sixfirhies
  An elephant (Vaults:4)
  A black mamba zombie (Snake:4)
  An ice dragon skeleton (Zot:1)
  A yaktaur (Vaults:4)
  An orange demon (Vaults:4)
  A hellwing (Zot:4)
  2 komodo dragons
  4 ugly things
  An iron devil (Orc:4)
  An ogre zombie (Vaults:4)
  2 smoke demons
  A baby alligator zombie (Swamp:5)
  A spiny frog zombie (Swamp:5)
  2 grizzly bears
  2 basilisks
  14 bumblebees
  A swamp dragon zombie (Swamp:5)
  10 yaks
  A chaos spawn (Snake:5)
  17 vampire mosquitoes
  A fire drake (Zot:4)
  2 hogs
  2 hippogriffs (D:24)
  A soldier ant (D:14)
  An ice beast (D:14)
  A giant goldfish zombie (Swamp:5)
  2 small abominations
  19 yellow wasps
  A red devil (Crypt:4)
  11 black bears
  A big kobold (Vaults:2)
  A naga (Snake:5)
  A wolf (Vaults:4)
  2 rotting devils
  A water moccasin zombie (Swamp:5)
  A water moccasin (Snake:5)
  10 insubstantial wisps
  A quasit (Zot:1)
  An orc wizard (D:11)
  3 hounds
  A deep elf soldier (D:16)
  A sheep (Zot:5)
  8 human zombies
  A boggart (D:15)
  2 humans (D:19)
  An adder (Snake:5)
  A giant centipede (Lair:2)
  2 green rats (Lair:4)
  2 lemures
  A shadow imp (Abyss)
  A porcupine skeleton (Crypt:4)
  4 ufetubi
  3 orcs
  A bat (D:3)
  A quokka (Lair:1)
  3 rats
  52 butterflies
  50 eldritch tentacle segments (Vaults:4)
  15 fungi
  34 plants
  9 toadstools
378 creatures vanquished.

Grand Total: 4358 creatures vanquished

Notes
Turn   | Place    | Note
--------------------------------------------------------------
     0 | D:1      | Cruella, the Troll Warper, began the quest for the Orb.
     0 | D:1      | Reached XP level 1. HP: 19/19 MP: 1/1
   178 | D:1      | Reached XP level 2. HP: 27/27 MP: 1/1
   205 | D:1      | Reached skill level 3 in Unarmed Combat
   798 | D:1      | Learned a level 2 spell: Blink
  1116 | D:2      | Reached XP level 3. HP: 30/33 MP: 2/2
  1297 | D:2      | Reached skill level 4 in Unarmed Combat
  1352 | D:2      | Found an ancient bone altar of Kikubaaqudgha.
  1662 | D:2      | Reached XP level 4. HP: 37/41 MP: 3/3
  1939 | D:2      | Learned a level 2 spell: Shroud of Golubria
  2483 | D:4      | Reached skill level 5 in Unarmed Combat
  2754 | D:4      | Reached XP level 5. HP: 40/48 MP: 3/3
  2871 | D:4      | Noticed an ogre
  2882 | D:4      | Killed an ogre
  2882 | D:4      | Reached skill level 6 in Unarmed Combat
  3049 | D:4      | Reached XP level 6. HP: 51/57 MP: 4/4
  3342 | D:3      | Found a glowing drain.
  3371 | Sewer    | Entered a sewer
  3474 | Sewer    | Reached skill level 7 in Unarmed Combat
  3530 | Sewer    | Found a white marble altar of Elyvilon.
  3576 | Sewer    | Learned a level 2 spell: Portal Projectile
  3627 | D:4      | Noticed an ogre
  3641 | D:4      | Killed an ogre
  3741 | D:5      | Entered Level 5 of the Dungeon
  3761 | D:5      | Reached XP level 7. HP: 55/63 MP: 5/5
  3832 | D:5      | Reached skill level 8 in Unarmed Combat
  3929 | D:5      | Reached skill level 1 in Throwing
  4037 | D:5      | Found a staircase to the Ecumenical Temple.
  4464 | Temple   | Entered the Ecumenical Temple
  4510 | Temple   | Became a worshipper of Nemelex Xobeh
  4516 | Temple   | Received a gift from Nemelex Xobeh
  4538 | Temple   | Gained mutation: Your mind is acute (Int +1). [potion of gain intelligence]
  4539 | Temple   | Gained mutation: Your mind is acute (Int +2). [potion of gain intelligence]
  4780 | D:5      | Acquired Nemelex Xobeh's first power
  5171 | D:6      | Found a radiant altar of Vehumet.
  5273 | D:6      | Learned a level 1 spell: Summon Butterflies
  5291 | D:6      | Reached XP level 8. HP: 46/71 MP: 5/5
  5551 | D:6      | Acquired Nemelex Xobeh's second power
  5620 | D:6      | Received a gift from Nemelex Xobeh
  5643 | D:6      | Reached skill level 9 in Unarmed Combat
  5714 | D:6      | Found a staircase to the Orcish Mines.
  6076 | D:7      | Found Kharut's Antique Weapon Boutique.
  6166 | D:7      | Received a gift from Nemelex Xobeh
  6254 | D:7      | Identified a scroll of acquirement
  6255 | D:7      | Got an ichor-stained shield
  6262 | D:7      | Identified the +5 shield "Clelut" (You acquired it on level 7 of the Dungeon)
  6700 | D:7      | Reached skill level 1 in Shields
  6925 | D:8      | Acquired Nemelex Xobeh's third power
  6932 | D:8      | Found a glowing silver altar of Zin.
  7082 | D:8      | Reached XP level 9. HP: 78/78 MP: 6/6
  7457 | D:8      | Reached skill level 5 in Shields
  7538 | D:8      | Received a gift from Nemelex Xobeh
  8066 | D:9      | Acquired Nemelex Xobeh's fourth power
  8361 | D:8      | Reached XP level 10. HP: 85/85 MP: 7/7
  8384 | D:9      | Noticed Joseph
  8926 | D:9      | Killed Joseph
  8954 | D:9      | Found a staircase to the Lair.
  9157 | D:9      | Reached skill level 10 in Unarmed Combat
  9346 | Lair:1   | Entered Level 1 of the Lair of Beasts
  9702 | Lair:1   | Reached skill level 11 in Unarmed Combat
  9733 | Lair:1   | Reached skill level 1 in Evocations
 10052 | Lair:1   | Received a gift from Nemelex Xobeh
 10465 | Lair:1   | Reached skill level 5 in Evocations
 10465 | Lair:1   | Reached XP level 11. HP: 55/93 MP: 6/13
 10668 | Lair:1   | Acquired Nemelex Xobeh's fifth power
 11102 | Lair:2   | Learned a level 3 spell: Flight
 11134 | Lair:2   | Received a gift from Nemelex Xobeh
 11653 | Lair:3   | Noticed Erica
 11669 | Lair:3   | Killed Erica
 12223 | Lair:4   | Reached skill level 5 in Throwing
 12360 | Lair:4   | Received a gift from Nemelex Xobeh
 13029 | Lair:4   | Noticed an eight-headed hydra
 13038 | Lair:4   | Killed an eight-headed hydra
 13726 | Lair:5   | Noticed a seven-headed hydra
 13733 | Lair:5   | Killed a seven-headed hydra
 13733 | Lair:5   | Reached skill level 5 in Dodging
 13733 | Lair:5   | Reached XP level 12. HP: 96/101 MP: 16/20
 13928 | Lair:4   | Received a gift from Nemelex Xobeh
 14496 | Lair:5   | Noticed a seven-headed hydra
 14501 | Lair:5   | Killed a seven-headed hydra
 14590 | Lair:5   | Noticed an eight-headed hydra
 14605 | Lair:5   | Killed an eight-headed hydra
 15232 | Lair:6   | Found a staircase to the Swamp.
 15494 | Lair:5   | Received a gift from Nemelex Xobeh
 15593 | Lair:6   | Found a staircase to the Slime Pits.
 16395 | Lair:6   | Found a staircase to the Snake Pit.
 16649 | Lair:5   | Learned a level 3 spell: Regeneration
 16653 | Lair:5   | Learned a level 3 spell: Recall
 16834 | Lair:7   | Reached skill level 1 in Charms
 17283 | Lair:7   | Received a gift from Nemelex Xobeh
 18030 | Lair:8   | Entered Level 8 of the Lair of Beasts
 18610 | Lair:8   | Reached skill level 5 in Charms
 18634 | Lair:8   | Reached XP level 13. HP: 105/107 MP: 21/21
 19357 | Lair:8   | Received a gift from Nemelex Xobeh
 20960 | Lair:5   | Received a gift from Nemelex Xobeh
 21222 | D:10     | Entered Level 10 of the Dungeon
 21281 | D:10     | Got a brightly glowing scythe
 21834 | D:10     | Found a bloodstained altar of Trog.
 22293 | D:11     | Received a gift from Nemelex Xobeh
 22368 | D:11     | Found a labyrinth entrance.
 22392 | Lab      | Entered a labyrinth
 22750 | Lab      | Noticed a minotaur
 22768 | Lab      | Killed a minotaur
 22790 | Lab      | Identified a +4 rod of destruction [ice] (11/11) {!a} (You found it in a labyrinth)
 22792 | Lab      | Got the +5,+5 dagger "Cyschukho" {freeze}
 22794 | Lab      | Got a pair of transparent gloves
 22797 | Lab      | Received a gift from Nemelex Xobeh
 22981 | D:10     | Reached skill level 12 in Unarmed Combat
 23446 | D:11     | Received a gift from Nemelex Xobeh
 23508 | D:11     | Noticed Erolcha
 23511 | D:11     | Killed Erolcha
 23745 | D:11     | Found a blossoming altar of Fedhas.
 24099 | D:11     | Got an ancient staff
 24100 | D:11     | Identified the cursed staff of Stelia Reott {crush, Str-4 Dex+2 Int+1} (You found it on level 11 of the Dungeon)
 24193 | D:11     | Got a dazzling quick blade
 24194 | D:11     | Identified the quick blade "Spiderbane" {venom, rElec Str+1} (You found it on level 11 of the Dungeon)
 24241 | D:11     | Received a gift from Nemelex Xobeh
 24350 | D:12     | Noticed a stone giant
 24555 | D:12     | Reached skill level 5 in Spellcasting
 24613 | D:12     | Received a gift from Nemelex Xobeh
 25189 | D:12     | Killed a stone giant
 25189 | D:12     | Reached XP level 14. HP: 87/119 MP: 15/22
 25341 | D:12     | Learned a level 2 spell: Swiftness
 25346 | D:12     | Learned a level 4 spell: Control Teleport
 25706 | D:13     | Received a gift from Nemelex Xobeh
 26308 | Orc:1    | Entered Level 1 of the Orcish Mines
 26308 | Orc:1    | Noticed Blork the orc
 26428 | Orc:1    | Killed Blork the orc
 26824 | Orc:2    | Received a gift from Nemelex Xobeh
 26828 | Orc:2    | Reached skill level 14 in Unarmed Combat
 26828 | Orc:2    | Reached XP level 15. HP: 113/128 MP: 19/23
 26829 | Orc:2    | Lost mutation: Your mind is acute (Int +2). [a card of wild magic]
 26830 | Orc:2    | Gained mutation: You tend to lose your temper in combat. [helix card]
 26894 | Orc:2    | Received a gift from Nemelex Xobeh
 27215 | Orc:2    | Noticed Psyche
 27223 | Orc:2    | Killed Psyche
 27275 | Orc:1    | Noticed Eustachio
 27288 | Orc:1    | Killed Eustachio
 27355 | Orc:1    | Received a gift from Nemelex Xobeh
 27408 | Orc:1    | Found a roughly hewn altar of Beogh.
 27767 | Orc:3    | Found a bloodstained altar of Trog.
 27836 | Orc:3    | Noticed Fannar
 27842 | Orc:3    | Noticed Fannar
 27842 | Orc:3    | Fannar changed into Fannar the pulsating lump
 27848 | Orc:3    | Killed Fannar the pulsating lump
 28223 | Orc:2    | Reached skill level 15 in Unarmed Combat
 28259 | Orc:2    | Found a burning altar of Makhleb.
 28303 | Orc:2    | Received a gift from Nemelex Xobeh
 28355 | Orc:2    | Found a radiant altar of Vehumet.
 28681 | Orc:4    | Entered Level 4 of the Orcish Mines
 28808 | Orc:4    | Received a gift from Nemelex Xobeh
 29120 | Orc:4    | Found a staircase to the Elven Halls.
 29583 | Orc:4    | Received a gift from Nemelex Xobeh
 29852 | Orc:4    | Received a gift from Nemelex Xobeh
 29858 | Orc:4    | Received a gift from Nemelex Xobeh
 29889 | Orc:4    | Reached XP level 14. HP: 51/122 MP: 19/22
 30053 | Orc:4    | Reached XP level 15. HP: 128/128 MP: 23/23
 30376 | Orc:4    | Received a gift from Nemelex Xobeh
 30605 | Orc:4    | Noticed an orc warlord
 30654 | Orc:4    | Received a gift from Nemelex Xobeh
 30671 | Orc:4    | Killed an orc warlord
 30929 | Orc:4    | Received a gift from Nemelex Xobeh
 31241 | Orc:4    | Received a gift from Nemelex Xobeh
 31497 | Orc:4    | Received a gift from Nemelex Xobeh
 31552 | Orc:4    | Found Twoutt's General Store.
 31553 | Orc:4    | Found Othej's Book Shoppe.
 31554 | Orc:4    | Found Hoisuas' Antique Armour Emporium.
 31554 | Orc:4    | Found Groagg's Antique Weapon Emporium.
 31597 | Orc:4    | Bought a book of Wizardry for 480 gold pieces
 31922 | Orc:2    | Reached skill level 16 in Unarmed Combat
 32372 | D:14     | Entered Level 14 of the Dungeon
 32499 | D:14     | Found Kloxzu's Antique Armour Shoppe.
 32746 | D:14     | Received a gift from Nemelex Xobeh
 32917 | D:14     | Found a frozen archway.
 33026 | IceCv    | Entered an ice cave
 33050 | IceCv    | Received a gift from Nemelex Xobeh
 33433 | IceCv    | Received a gift from Nemelex Xobeh
 33786 | IceCv    | Noticed a frost giant
 33799 | IceCv    | Killed a frost giant
 33816 | IceCv    | Reached skill level 10 in Charms
 33818 | IceCv    | Received a gift from Nemelex Xobeh
 33859 | IceCv    | Got a sparkling book
 33860 | IceCv    | Identified the Grimoire of Ice and Attacks (You found it in an ice cave)
 33861 | IceCv    | Received a gift from Nemelex Xobeh
 35083 | D:14     | Upgraded the game from 0.11-a0-3159-g28b190a to 0.11-a0-3178-g9422009
 35152 | D:14     | Noticed a tentacled monstrosity
 35192 | D:14     | Received a gift from Nemelex Xobeh
 35250 | D:14     | Noticed a stone giant
 35263 | D:14     | Killed a stone giant
 35332 | D:15     | Entered Level 15 of the Dungeon
 35533 | D:15     | Reached XP level 16. HP: 137/137 MP: 24/24
 35586 | D:15     | Reached XP level 15. HP: 126/128 MP: 23/23
 35610 | D:15     | Noticed Nergalle
 35646 | D:15     | Received a gift from Nemelex Xobeh
 35664 | D:15     | Killed Nergalle
 35883 | D:15     | Found a shattered altar of Ashenzari.
 36514 | D:15     | Upgraded the game from 0.11-a0-3178-g9422009 to 0.11-a0-3198-g6e5327a
 36520 | D:16     | Found a staircase to the Vaults.
 37125 | D:16     | Found Mnek's Armour Shop.
 37288 | D:16     | Reached XP level 16. HP: 137/137 MP: 24/24
 37317 | D:16     | Found an ancient bone altar of Kikubaaqudgha.
 37435 | D:16     | Received a gift from Nemelex Xobeh
 38085 | D:17     | Reached skill level 5 in Fighting
 38556 | D:17     | Received a gift from Nemelex Xobeh
 38753 | D:17     | You are cast into the Abyss!
 38753 | D:17     | Cast into the Abyss (a card of wild magic)
 38772 | Abyss    | Noticed nht's ghost (mighty DsFE)
 38841 | Abyss    | Received a gift from Nemelex Xobeh
 38849 | Abyss    | Lost mutation: You tend to lose your temper in combat. [helix card]
 39182 | Abyss    | Gained mutation: You digest meat inefficiently. [a neqoxec]
 39185 | Abyss    | Gained mutation: You evolve. [a neqoxec]
 39237 | Abyss    | Found a radiant altar of Vehumet.
 39250 | Abyss    | Noticed a lich
 39263 | Abyss    | Killed a lich
 39460 | D:17     | You pass through the gate.
 39460 | D:17     | Escaped the Abyss.
 39893 | D:18     | Reached skill level 17 in Unarmed Combat
 40216 | D:18     | Noticed Rupert
 40216 | D:18     | Paralysed by Rupert for 6 turns
 40241 | D:18     | Killed Rupert
 40254 | D:18     | Received a gift from Nemelex Xobeh
 40623 | D:18     | Noticed Azrael
 41314 | Lair:1   | Learned a level 6 spell: Haste
 41314 | Lair:1   | Upgraded the game from 0.11-a0-3198-g6e5327a to 0.12-a0-11-g963d729
 41516 | D:14     | Received a gift from Nemelex Xobeh
 41585 | D:14     | Killed a tentacled monstrosity
 41585 | D:14     | Received a gift from Nemelex Xobeh
 41780 | D:19     | Gained mutation: You are frail (-10% HP). [evolution]
 41925 | D:19     | Noticed Saint Roka
 42023 | Vaults:1 | Entered Level 1 of the Vaults
 42193 | Vaults:1 | Reached skill level 10 in Evocations
 42355 | Vaults:1 | Reached XP level 17. HP: 93/130 MP: 26/26
 43206 | Vaults:1 | Identified a +6 rod of striking (8/8) {!a} (You found it on level 1 of the Vaults)
 43392 | Vaults:1 | Gained mutation: Your flesh is cold resistant. [mutagenic meat]
 43394 | Vaults:1 | Gained mutation: You are weak (Str -1). [mutagenic meat]
 43590 | Vaults:2 | Reached skill level 1 in Traps & Doors
 43654 | Vaults:2 | Received a gift from Nemelex Xobeh
 44330 | Vaults:2 | Received a gift from Nemelex Xobeh
 44857 | Vaults:2 | Received a gift from Nemelex Xobeh
 45208 | Vaults:3 | Reached skill level 1 in Summonings
 45361 | Vaults:3 | Found a magical portal.
 45388 | WizLab   | Entered a wizard's laboratory
 45469 | WizLab   | Paralysed by a giant eyeball for 4 turns
 45475 | WizLab   | Gained mutation: You are weak (Str -2). [mutagenic cloud]
 45476 | WizLab   | Gained mutation: Your vision is a little blurry. [mutagenic cloud]
 45485 | WizLab   | Paralysed by a giant eyeball for 4 turns
 45540 | WizLab   | Got a colourful book
 45545 | WizLab   | Identified Cigotuvi's Almanac of Fiery Transmigration (You found it in a wizard's laboratory)
 45547 | WizLab   | Got a yellowed book
 45548 | WizLab   | Identified Cigotuvi's Papyrus of Changing and the Mountains (You found it in a wizard's laboratory)
 45654 | WizLab   | Learned a level 2 spell: Evaporate
 45658 | WizLab   | Lost mutation: Your vision is a little blurry. [potion of mutation]
 45783 | Vaults:3 | Reached skill level 1 in Transmutations
 45910 | Vaults:3 | Found Ybaz Wucu's Book Boutique.
 46063 | Vaults:3 | Received a gift from Nemelex Xobeh
 46417 | Vaults:3 | Received a gift from Nemelex Xobeh
 47071 | Vaults:4 | Found a staircase to the Crypt.
 47253 | Vaults:4 | Got a polished sling
 47260 | Vaults:4 | Received a gift from Nemelex Xobeh
 47276 | Vaults:4 | Identified the sling "Ycuiqa" {flame, MR SInv} (You found it on level 4 of the Vaults)
 47281 | Vaults:4 | Gained mutation: Armour fits poorly on your strangely shaped body. [helix card]
 47338 | Vaults:4 | Reached skill level 5 in Transmutations
 47343 | Vaults:4 | Reached XP level 18. HP: 129/138 MP: 28/28
 47372 | Vaults:4 | Killed an eldritch tentacle
 47430 | Vaults:4 | Lost mutation: Your mind is acute (Int +1). [mutagenic glow]
 47606 | Vaults:4 | Received a gift from Nemelex Xobeh
 48033 | Vaults:4 | Received a gift from Nemelex Xobeh
 48467 | Vaults:4 | Gained mutation: You are very frail (-20% HP). [mutagenic meat]
 48781 | Vaults:4 | Reached XP level 19. HP: 108/130 MP: 24/28
 48994 | Vaults:4 | Received a gift from Nemelex Xobeh
 49089 | Vaults:4 | Noticed a shadow dragon
 49092 | Vaults:4 | Paralysed by an ogre mage for 6 turns
 49097 | Vaults:4 | Reached XP level 18. HP: 56/124 MP: 11/28
 49123 | Vaults:4 | Killed a shadow dragon
 49124 | Vaults:4 | Reached XP level 19. HP: 123/131 MP: 9/28
 49227 | Vaults:4 | Received a gift from Nemelex Xobeh
 49324 | Vaults:4 | Got a flickering wooden ring
 49325 | Vaults:4 | Identified the ring of Luc Strou (You found it on level 4 of the Vaults)
 49490 | Vaults:4 | Noticed a shadow dragon
 49503 | Vaults:4 | Received a gift from Nemelex Xobeh
 49504 | Vaults:4 | Reached XP level 18. HP: 105/124 MP: 13/28
 49511 | Vaults:4 | Killed a shadow dragon
 49511 | Vaults:4 | Reached XP level 19. HP: 71/131 MP: 8/29
 49773 | Vaults:4 | Received a gift from Nemelex Xobeh
 50238 | Vaults:2 | Learned a level 4 spell: Ice Form
 50240 | Vaults:2 | Learned a level 1 spell: Fulsome Distillation
 50242 | Vaults:2 | Learned a level 1 spell: Beastly Appendage
 50579 | Swamp:1  | Entered Level 1 of the Swamp
 50943 | Swamp:1  | Gained mutation: Your mind is acute (Int +1). [potion of gain intelligence]
 51119 | Swamp:1  | Received a gift from Nemelex Xobeh
 51237 | Swamp:1  | Noticed Nessos
 51241 | Swamp:1  | Killed Nessos
 51945 | Swamp:2  | Noticed Nikola
 51967 | Swamp:2  | Killed Nikola
 52867 | Swamp:4  | Noticed Roxanne
 53050 | Swamp:4  | Received a gift from Nemelex Xobeh
 53140 | Swamp:5  | Entered Level 5 of the Swamp
 53253 | Swamp:5  | Noticed Aizul
 53348 | Swamp:4  | Upgraded the game from 0.12-a0-11-g963d729 to 0.12-a0-52-gccb2601
 53352 | Swamp:4  | Identified a +3 rod of demonology (13/13) {!a} (You took it off a yaktaur captain on level 4 of the Vaults)
 53538 | Swamp:4  | Reached skill level 10 in Transmutations
 54689 | Lair:1   | nht: try moving away from minivaults when drawing trowel
 54689 | Lair:1   | thanks!
 54719 | Lair:1   | Received a gift from Nemelex Xobeh
 54869 | Bazaar   | Entered a bazaar
 54869 | Bazaar   | Found Giorup Igua's Distillery.
 54869 | Bazaar   | Found Peoror's Armour Boutique.
 54869 | Bazaar   | Found Smoy's Distillery.
 54869 | Bazaar   | Found Lueruce's Antique Armour Boutique.
 54882 | Bazaar   | Bought 2 potions of agility for 90 gold pieces
 54882 | Bazaar   | Bought a potion of heal wounds for 54 gold pieces
 54889 | Bazaar   | Bought a potion of speed for 77 gold pieces
 54889 | Bazaar   | Bought a potion of curing for 28 gold pieces
 54889 | Bazaar   | Bought a potion of curing for 28 gold pieces
 54889 | Bazaar   | Bought a potion of resistance for 98 gold pieces
 54889 | Bazaar   | Bought a potion of heal wounds for 42 gold pieces
 54889 | Bazaar   | Bought a potion of curing for 28 gold pieces
 54889 | Bazaar   | Bought a potion of might for 35 gold pieces
 54889 | Bazaar   | Bought a potion of curing for 28 gold pieces
 54889 | Bazaar   | Bought a potion of berserk rage for 42 gold pieces
 54894 | Bazaar   | Bought a potion of speed for 99 gold pieces
 54894 | Bazaar   | Bought 2 potions of agility for 90 gold pieces
 54988 | Bailey   | Entered a bailey
 55060 | Bailey   | Received a gift from Nemelex Xobeh
 55334 | Lair:1   | Received a gift from Nemelex Xobeh
 55454 | Bazaar   | Entered a bazaar
 55458 | Bazaar   | Found Sojyut's General Store.
 55477 | Bazaar   | Found Vaec's Antique Armour Shoppe.
 55495 | Bazaar   | Found Psoem's Book Boutique.
 55513 | Bazaar   | Found Kheciar's Antique Weapon Emporium.
 55540 | Bazaar   | Bought 3 scrolls of identify for 84 gold pieces
 55657 | Lair:1   | Received a gift from Nemelex Xobeh
 55858 | Snake:1  | Entered Level 1 of the Snake Pit
 55987 | Snake:1  | Reached skill level 1 in Armour
 56730 | Snake:2  | Noticed Agnes
 56744 | Snake:2  | Killed Agnes
 57718 | Snake:2  | Received a gift from Nemelex Xobeh
 58057 | Snake:3  | You fall through a shaft!
 58113 | Snake:4  | Noticed Norris
 58117 | Snake:4  | Received a gift from Nemelex Xobeh
 58141 | Snake:4  | Killed Norris
 58141 | Snake:4  | Reached skill level 5 in Armour
 58203 | Snake:4  | Reached XP level 20. HP: 136/136 MP: 26/30
 58415 | Snake:4  | Gained mutation: Your muscles are flexible, but weak (Str -1, Dex +1). [potion of mutation]
 58415 | Snake:4  | Gained mutation: You have sharp toenails. [potion of mutation]
 58557 | Snake:4  | Found Dylol's Food Shoppe.
 59759 | Snake:3  | Received a gift from Nemelex Xobeh
 59972 | Snake:5  | Entered Level 5 of the Snake Pit
 59996 | Snake:5  | Received a gift from Nemelex Xobeh
 60016 | Snake:5  | Found Effeele's Antique Weapon Shop.
 61224 | Snake:5  | Received a gift from Nemelex Xobeh
 61776 | Snake:5  | Received a gift from Nemelex Xobeh
 61785 | Snake:5  | Got a serpentine rune of Zot
 62020 | Snake:5  | Received a gift from Nemelex Xobeh
 62029 | Snake:5  | Lost mutation: Armour fits poorly on your strangely shaped body. [helix card]
 62180 | Snake:5  | Received a gift from Nemelex Xobeh
 62361 | Snake:5  | Reached skill level 5 in Traps & Doors
 62793 | Snake:5  | Received a gift from Nemelex Xobeh
 63032 | Snake:5  | Got a faintly humming robe
 63044 | Snake:5  | Identified the +0 robe of Indomitability (You took it off a greater naga on level 5 of the Snake Pit)
 63200 | Snake:5  | Lost mutation: Your muscles are flexible, but weak (Str -1, Dex +1). [potion of mutation]
 63200 | Snake:5  | Lost mutation: You are very frail (-20% HP). [potion of mutation]
 63200 | Snake:5  | Gained mutation: Your muscles are flexible, but weak (Str -1, Dex +1). [potion of mutation]
 63511 | Snake:3  | Received a gift from Nemelex Xobeh
 63935 | D:18     | Killed Azrael
 63978 | D:18     | Noticed Frances
 64351 | D:19     | Noticed Louise
 64409 | D:18     | Killed Frances
 64586 | D:20     | Entered Level 20 of the Dungeon
 65457 | D:21     | Found a one-way gate to the infinite horrors of the Abyss.
 65572 | D:21     | Noticed Frederick
 65601 | D:21     | Received a gift from Nemelex Xobeh
 65602 | D:21     | Killed Frederick
 65602 | D:21     | Reached XP level 21. HP: 172/172 MP: 18/31
 66012 | D:21     | Noticed Mara
 66013 | D:21     | Noticed Cruella's illusion
 66014 | D:21     | Noticed Mara
 66014 | D:21     | Noticed Mara
 66806 | D:21     | Got a crude robe
 66813 | D:21     | Identified the +2 robe of the Slorg (You found it on level 21 of the Dungeon)
 66983 | D:21     | Paralysed by a Zot trap for 5 turns
 66986 | D:21     | Noticed Xtahua
 67005 | D:21     | Killed Xtahua
 67200 | D:22     | Received a gift from Nemelex Xobeh
 67409 | D:22     | Found a gateway to Hell.
 67626 | D:22     | Noticed Mennas
 67685 | D:22     | Received a gift from Nemelex Xobeh
 67703 | D:22     | Killed Mennas
 68363 | D:23     | Reached skill level 10 in Spellcasting
 68568 | D:23     | Received a gift from Nemelex Xobeh
 68840 | D:23     | Found a one-way gate leading to the halls of Pandemonium.
 68863 | D:23     | Found a white marble altar of Elyvilon.
 69875 | D:23     | Noticed a tentacled monstrosity
 69974 | D:23     | Killed a tentacled monstrosity
 70114 | D:23     | Received a gift from Nemelex Xobeh
 70146 | D:23     | Received a gift from Nemelex Xobeh
 70890 | Vaults:2 | Learned a level 2 spell: Stoneskin
 71273 | Vaults:3 | Reached skill level 10 in Dodging
 71370 | Vaults:5 | Reached skill level 1 in Earth Magic
 71451 | Vaults:5 | Reached XP level 22. HP: 180/180 MP: 31/34
 71575 | Vaults:3 | Bought a book of Changes for 325 gold pieces
 71582 | Vaults:3 | Learned a level 5 spell: Blade Hands
 71745 | Vaults:4 | Received a gift from Nemelex Xobeh
 72167 | Vaults:5 | Found a staircase to the Hall of Blades.
 72340 | Vaults:5 | Reached skill level 5 in Earth Magic
 72416 | Vaults:5 | Received a gift from Nemelex Xobeh
 72515 | Vaults:5 | Got an engraved book
 72516 | Vaults:5 | Identified Leliozxa's Handbook of Boosts (You found it on level 5 of the Vaults)
 73283 | Vaults:6 | Received a gift from Nemelex Xobeh
 73635 | Vaults:6 | Found Darohuz's Book Boutique.
 74176 | Vaults:6 | Bought a book of Air for 595 gold pieces
 74180 | Vaults:6 | Learned a level 2 spell: Repel Missiles
 74281 | Vaults:6 | Noticed Boris
 74770 | Vaults:6 | Killed Boris
 75024 | Vaults:7 | Noticed Margery
 75073 | Vaults:7 | Received a gift from Nemelex Xobeh
 75089 | Vaults:7 | Killed Margery
 75105 | Vaults:7 | Your ally Margery died
 75118 | Vaults:7 | Reached skill level 10 in Earth Magic
 75181 | Vaults:7 | Received a gift from Nemelex Xobeh
 76294 | Crypt:1  | Entered Level 1 of the Crypt
 77191 | Crypt:1  | Received a gift from Nemelex Xobeh
 78088 | Crypt:3  | Found a staircase to the Tomb.
 78157 | Crypt:3  | Reached XP level 23. HP: 172/188 MP: 35/35
 78342 | Crypt:3  | Reached XP level 22. HP: 168/180 MP: 34/34
 78917 | Crypt:4  | Reached XP level 23. HP: 182/182 MP: 31/35
 79125 | Crypt:4  | Reached XP level 22. HP: 174/174 MP: 34/35
 79173 | Crypt:5  | Entered Level 5 of the Crypt
 79265 | Crypt:5  | Received a gift from Nemelex Xobeh
 79859 | Crypt:5  | Received a gift from Nemelex Xobeh
 80061 | Crypt:5  | Received a gift from Nemelex Xobeh
 80447 | Vaults:6 | Bought a book of the Earth for 1105 gold pieces
 80456 | Vaults:6 | Learned a level 6 spell: Statue Form
 81417 | Swamp:5  | Killed Aizul
 81664 | Swamp:5  | Got a decaying rune of Zot
 81741 | Swamp:5  | Received a gift from Nemelex Xobeh
 82059 | Lair:1   | Upgraded the game from 0.12-a0-52-gccb2601 to 0.12-a0-96-g68d2098
 82217 | D:18     | Lost mutation: You are weak (Str -2). [evolution]
 82256 | D:19     | Noticed Kirke
 82266 | D:19     | Killed Kirke
 82330 | D:19     | Received a gift from Nemelex Xobeh
 82334 | D:19     | Killed Louise
 82334 | D:19     | Reached XP level 23. HP: 172/188 MP: 25/35
 82491 | D:19     | Killed Saint Roka
 82693 | D:24     | Noticed Wiglaf
 82725 | D:24     | Received a gift from Nemelex Xobeh
 82730 | D:24     | Killed Wiglaf
 83452 | D:24     | Reached skill level 18 in Unarmed Combat
 83536 | D:23     | Received a gift from Nemelex Xobeh
 83841 | D:24     | Noticed Boris
 83875 | D:24     | Received a gift from Nemelex Xobeh
 83904 | D:24     | Killed Boris
 84327 | D:24     | Reached skill level 19 in Unarmed Combat
 84606 | D:25     | Entered Level 25 of the Dungeon
 85770 | D:26     | Reached skill level 20 in Unarmed Combat
 86043 | D:26     | Lost mutation: You have sharp toenails. [evolution]
 86210 | D:26     | Noticed Boris
 86239 | D:26     | Killed Boris
 86290 | D:26     | Reached XP level 24. HP: 197/197 MP: 10/36
 86486 | D:26     | Received a gift from Nemelex Xobeh
 86547 | D:26     | Upgraded the game from 0.12-a0-96-g68d2098 to 0.12-a0-108-gc5ec0f4
 86734 | D:26     | Noticed a lich
 86749 | D:26     | Killed a lich
 86786 | D:26     | Found Wuph's Food Emporium.
 86904 | D:26     | Reached skill level 21 in Unarmed Combat
 86948 | D:26     | Received a gift from Nemelex Xobeh
 87214 | D:26     | Bought a bread ration for 48 gold pieces
 87214 | D:26     | Bought a bread ration for 48 gold pieces
 87432 | D:26     | Noticed a silver star
 87551 | D:26     | Found a glowing silver altar of Zin.
 87714 | D:26     | Received a gift from Nemelex Xobeh
 88289 | D:26     | Received a gift from Nemelex Xobeh
 88297 | D:26     | Lost mutation: You are weak (Str -1). [helix card]
 88372 | D:26     | Got a crude blowgun
 88428 | D:24     | Identified the blowgun of Fee Simple {speed, +Blink +Inv rC+ rN+ Dex+2} (You found it on level 26 of the Dungeon)
 88474 | D:23     | Reached skill level 1 in Slings
 89107 | Lair:1   | Got a crude robe
 89114 | Lair:1   | Identified the +1 robe "Hohom" (You acquired it on level 1 of the Lair of Beasts)
 89141 | Lair:1   | Gained mutation: Your vision is a little blurry. [potion of mutation]
 89141 | Lair:1   | Gained mutation: You have a pair of small antennae on your head. [potion of mutation]
 89141 | Lair:1   | Gained mutation: Your vision is quite blurry. [potion of mutation]
 89142 | Lair:1   | Gained mutation: Armour fits poorly on your strangely shaped body. [potion of mutation]
 89142 | Lair:1   | Gained mutation: You are partially covered in iridescent scales (AC +4). [potion of mutation]
 89142 | Lair:1   | Lost mutation: You are partially covered in iridescent scales (AC +4). [potion of mutation]
 89143 | Lair:1   | Gained mutation: You are partially covered in large bone plates (AC +2, SH +2). [potion of mutation]
 89143 | Lair:1   | Gained mutation: You are agile (Dex +1). [potion of mutation]
 89144 | Lair:1   | Lost mutation: You are frail (-10% HP). [potion of mutation]
 89145 | Lair:1   | Lost mutation: You are agile (Dex +1). [potion of mutation]
 89146 | Lair:1   | Lost mutation: Your muscles are flexible, but weak (Str -1, Dex +1). [potion of mutation]
 89146 | Lair:1   | Lost mutation: Your mind is acute (Int +1). [potion of mutation]
 89146 | Lair:1   | Gained mutation: Your body is slowly deteriorating. [potion of mutation]
 89147 | Lair:1   | Gained mutation: You are partially covered in slimy green scales (AC +1). [potion of mutation]
 89147 | Lair:1   | Gained mutation: You have large cloven feet. [potion of mutation]
 89148 | Lair:1   | Lost mutation: You have a pair of small antennae on your head. [potion of mutation]
 89149 | Lair:1   | Gained mutation: Your spells are a little harder to cast, but a little more powerful. [potion of mutation]
 89150 | Lair:1   | Gained mutation: You are resistant to electric shocks. [potion of mutation]
 89150 | Lair:1   | Lost mutation: You evolve. [potion of mutation]
 89150 | Lair:1   | Gained mutation: You are somewhat resistant to further mutation. [potion of mutation]
 89505 | Snake:4  | Bought a bread ration for 48 gold pieces
 89505 | Snake:4  | Bought a bread ration for 48 gold pieces
 89505 | Snake:4  | Bought a bread ration for 48 gold pieces
 89505 | Snake:4  | Bought a bread ration for 48 gold pieces
 89505 | Snake:4  | Bought a bread ration for 48 gold pieces
 89505 | Snake:4  | Bought a choko for 4 gold pieces
 89505 | Snake:4  | Bought a meat ration for 48 gold pieces
 90177 | Vaults:8 | Entered Level 8 of the Vaults
 90266 | Vaults:8 | Reached skill level 1 in Poison Magic
 90299 | Vaults:8 | Reached skill level 22 in Unarmed Combat
 90393 | Vaults:8 | Reached XP level 25. HP: 224/230 MP: 33/36
 90455 | Vaults:8 | Received a gift from Nemelex Xobeh
 90466 | Vaults:8 | Reached XP level 24. HP: 214/222 MP: 30/36
 90517 | Vaults:8 | Reached XP level 25. HP: 204/230 MP: 32/36
 90718 | Vaults:8 | Received a gift from Nemelex Xobeh
 91133 | Vaults:8 | Reached skill level 5 in Slings
 91151 | Vaults:8 | Received a gift from Nemelex Xobeh
 91507 | Vaults:8 | Got an antique book
 91508 | Vaults:8 | Identified Mebaxyna's Volume of Companions (You found it on level 8 of the Vaults)
 91643 | Vaults:8 | Reached skill level 5 in Poison Magic
 91870 | Vaults:8 | Identified a +5 rod of demonology (12/12) {!a} (You took it off an orc on level 8 of the Vaults)
 92035 | Vaults:8 | Noticed a golden dragon
 92056 | Vaults:8 | Killed a golden dragon
 92127 | Vaults:8 | Received a gift from Nemelex Xobeh
 92759 | Vaults:8 | Got a yellowed book
 92760 | Vaults:8 | Identified the Grimoire of the Blaze (You found it on level 8 of the Vaults)
 92761 | Vaults:8 | Received a gift from Nemelex Xobeh
 92835 | Vaults:8 | Got a levitating book
 92836 | Vaults:8 | Identified the Incunabulum of Creative Combat Magic (You found it on level 8 of the Vaults)
 92840 | Vaults:8 | Got a silver rune of Zot
 92859 | Vaults:8 | Got an antique book
 92860 | Vaults:8 | Identified the Grimoire of Dislocation (You found it on level 8 of the Vaults)
 93455 | Lair:1   | Lost mutation: You have large cloven feet. [potion of cure mutation]
 93455 | Lair:1   | Lost mutation: Your vision is quite blurry. [potion of cure mutation]
 93455 | Lair:1   | Lost mutation: Your spells are a little harder to cast, but a little more powerful. [potion of cure mutation]
 93455 | Lair:1   | Lost mutation: Your vision is a little blurry. [potion of cure mutation]
 93455 | Lair:1   | Lost mutation: Your body is slowly deteriorating. [potion of cure mutation]
 93584 | Lab      | Entered a labyrinth
 94857 | Lab      | Got a glittering amber ring
 94857 | Lab      | Got a brightly glowing lapis lazuli ring
 94858 | Lab      | Identified the ring of Kleul (You found it in a labyrinth)
 94860 | Lab      | Identified the ring "Mnau" (You found it in a labyrinth)
 94894 | Lair:1   | Learned a level 5 spell: Phase Shift
 95260 | D:26     | Reached skill level 5 in Translocations
 95275 | D:27     | Entered Level 27 of the Dungeon
 95718 | D:27     | Noticed a golden dragon
 95740 | D:27     | Killed a golden dragon
 95749 | D:27     | Got a topaz-encrusted ice dragon armour
 95750 | D:27     | Identified the +6 ice dragon armour "Haowen" (You found it on level 27 of the Dungeon)
 95776 | D:27     | Identified a +2 rod of warding (11/11) {!a} (You found it on level 27 of the Dungeon)
 95990 | D:27     | Received a gift from Nemelex Xobeh
 96375 | D:27     | Found Yjox's Fishing Supplies.
 96383 | D:27     | Reached skill level 10 in Fighting
 96431 | Zot:1    | Entered Level 1 of the Realm of Zot
 97609 | Zot:1    | You fall through a shaft!
 97803 | Zot:2    | Reached XP level 26. HP: 245/245 MP: 22/37
 97857 | Zot:2    | Received a gift from Nemelex Xobeh
 97888 | Zot:2    | Learned a level 1 spell: Confusing Touch
 98015 | Zot:2    | Noticed a curse toe
 98038 | Zot:2    | Killed a curse toe
 98393 | Zot:1    | Noticed a golden dragon
 98406 | Zot:1    | Killed a golden dragon
 98494 | Zot:1    | Received a gift from Nemelex Xobeh
 98515 | Zot:1    | Received a gift from Nemelex Xobeh
 98561 | Zot:1    | Reached skill level 1 in Long Blades
 99244 | Zot:1    | You are cast into the Abyss!
 99244 | Zot:1    | Cast into the Abyss (a Zot trap)
 99356 | Abyss    | Gained mutation: Your magical capacity is low (-10% MP). [a neqoxec]
 99434 | Abyss    | Found a roughly hewn altar of Beogh.
100433 | Abyss    | Got a shimmering glass ring
100434 | Abyss    | Identified the ring "Cimaodd" (You found it in the Abyss)
100584 | Abyss    | Reached XP level 27. HP: 233/266 MP: 30/34
101264 | Zot:1    | You pass through the gate.
101264 | Zot:1    | Escaped the Abyss.
101359 | Zot:2    | Received a gift from Nemelex Xobeh
101561 | Zot:2    | Reached skill level 15 in Fighting
101680 | Zot:2    | Received a gift from Nemelex Xobeh
102305 | Zot:2    | Reached skill level 23 in Unarmed Combat
102661 | D:27     | Received a gift from Nemelex Xobeh
102664 | Bazaar   | Entered a bazaar
102678 | Bazaar   | Found Esokhl Huwu's Book Emporium.
102695 | Bazaar   | Found Geavah's Magical Wand Shoppe.
102724 | Bazaar   | Found Gaprokad's Antique Weapon Emporium.
102777 | Bazaar   | Bought a wand of hasting (5) for 648 gold pieces
104295 | Zot:3    | Reached skill level 24 in Unarmed Combat
104761 | Zot:4    | Received a gift from Nemelex Xobeh
104932 | Zot:4    | Got a crude wizard hat
104936 | Zot:4    | Identified the +0 wizard hat of Coronation (You acquired it on level 4 of the Realm of Zot)
105123 | Zot:4    | Received a gift from Nemelex Xobeh
105472 | Zot:4    | Noticed a curse toe
105517 | Zot:4    | Killed a curse toe
105684 | Zot:4    | Reached skill level 25 in Unarmed Combat
105918 | Zot:4    | Noticed a curse toe
106065 | Zot:4    | Killed a curse toe
106086 | Zot:4    | Noticed a curse toe
106094 | Zot:4    | Killed a curse toe
107167 | Zot:4    | Received a gift from Nemelex Xobeh
107259 | Zot:5    | Entered Level 5 of the Realm of Zot
107503 | Zot:4    | Reached skill level 26 in Unarmed Combat
108396 | Zot:5    | You are cast into the Abyss!
108396 | Zot:5    | Cast into the Abyss (the power of Zot)
108403 | Abyss    | Received a gift from Nemelex Xobeh
108659 | Abyss    | Received a gift from Nemelex Xobeh
109006 | Abyss    | Reached skill level 27 in Unarmed Combat
109294 | Zot:5    | You pass through the gate.
109294 | Zot:5    | Escaped the Abyss.
109314 | Zot:5    | Noticed a Killer Klown
109349 | Zot:5    | Noticed an orb of fire
109369 | Zot:5    | Killed an orb of fire
109371 | Zot:5    | Noticed an orb of fire
109384 | Zot:5    | Killed an orb of fire
109631 | Zot:5    | Received a gift from Nemelex Xobeh
109810 | Zot:5    | Noticed an ancient lich
109814 | Zot:5    | Killed an ancient lich
109842 | Zot:5    | Noticed an orb of fire
109874 | Zot:5    | Killed an orb of fire
109933 | Zot:5    | Received a gift from Nemelex Xobeh
110370 | Zot:5    | Got the Orb of Zot
110784 | D:19     | Noticed Feump the pandemonium lord
111231 | D:$      | Escaped with the Orb!
